AoeStats
← osaka717

Arena

510524630Analyzed
1v1 RM · 2d ago on Oct 1, 2026· 38m 55s· 2 players
Game mode
Random Map
Map size
Tiny (2 player)
Population
200
Speed
Normal
Resources
Standard
Victory
Conquest
Starting age
Dark Age
Ending age
Imperial Age
RankedLock teamsTeams togetherTeam positionsShared explorationLock speedFull tech treeHidden civsTurbo modeCheats
Victory
Defeat
🇨🇱 Ethiopians · Chile
869
+17
🇫🇷 Berbers · France
894
-17
osaka717
10:59 Feudal Age
15:53 Castle Age
14:19 Double-Bit Axe
14:19 Horse Collar
14:53 Stone Mining
15:26 Gold Mining
16:40 Heavy Plow
17:02 Bow Saw
20:20 Fletching
22:46 Man-at-Arms
23:18 Arson
25:07 Scale Mail Armor
25:22 Forging
27:33 Chain Mail Armor
27:54 Iron Casting
27:25 Royal Heirs
31:00 Imperial Age
32:08 Murder Holes
32:39 Fortified Wall
34:39 Plate Mail Armor
35:11 Blast Furnace
36:57 Elite Shotel Warrior
darkjafar87
5:00 Loom
13:02 Feudal Age
15:02 Wheelbarrow
14:47 Double-Bit Axe
18:46 Castle Age
16:48 Horse Collar
17:59 Gold Mining
18:04 Town Watch
18:27 Fletching
19:10 Bloodlines
21:08 Stone Mining
24:00 Padded Archer Armor
23:49 Treadmill Crane
24:57 Gold Shaft Mining
25:27 Bodkin Arrow
26:29 Hand Cart
27:07 Ballistics
27:50 Bow Saw
27:47 Husbandry
28:58 Thumb Ring
29:11 Leather Archer Armor
35:57 Imperial Age
34:12 Scale Barding Armor
36:21 Scale Barding Armor
36:28 Forging
Connection lost

Rejoining the realm…

Still unreachable

The connection could not be restored.

Session expired

The server has moved on; the page needs a fresh start.